 Dungeon Crawl Stone Soup version 0.29.1-1-gd02db6906a (webtiles) character file.

Game seed: 917187650577356985

277 GigaChad the Trooper (level 6, -4/57 HPs)
             Began as a Minotaur Fighter on Sept 19, 2022.
             Was a Follower of Qazlal.
             Killed by nerve-wracking pain
             ... invoked by an orc priest
              (9 damage)
             ... on level 4 of the Dungeon.
             The game lasted 00:05:54 (2757 turns).

GigaChad the Trooper (Minotaur Fighter)             Turns: 2757, Time: 00:05:55

Health: -4/57      AC: 11    Str: 23    XL:     6   Next: 4%
Magic:  5/5        EV:  9    Int:  5    God:    Qazlal [*.....]
Gold:   172        SH:  6    Dex:  9    Spells: 5/5 levels left

rFire   . . .      SeeInvis .   a - +0 long sword
rCold   . . .      Faith    .   c - +0 buckler
rNeg    . . .      Spirit   .   b - +0 scale mail
rPois   .          Reflect  .   (helmet restricted)
rElec   .          Harm     .   (no cloak)
rCorr   .          Rampage  .   (no gloves)
Will    .....                   (no boots)
Stlth   ..........              (no amulet)
HPRegen 0.19/turn               l - +4 ring of protection
MPRegen 0.09/turn               (no ring)

@: studying Air Magic
A: horns 2, retaliatory headbutt
a: Renounce Religion


You were on level 4 of the Dungeon.
You worshipped Qazlal.
Qazlal was aware of your devotion.
You visited 1 branch of the dungeon, and saw 4 of its levels.

You collected 172 gold pieces.

Inventory:

Hand Weapons
 a - a +0 long sword (weapon)
Armour
 b - a +0 scale mail (worn)
 c - a +0 buckler (worn)
Jewellery
 l - a +4 ring of protection (left hand)
 q - an amulet of faith
Scrolls
 f - a scroll of teleportation {unknown}
 g - a scroll of enchant armour
 h - a scroll of amnesia {unknown}
 j - 2 scrolls of magic mapping {unknown}
 k - 3 scrolls of identify
 o - a scroll of brand weapon {unknown}
 p - a scroll of vulnerability {unknown}
Potions
 d - a potion of might
 e - 5 potions of curing {unknown}
 i - a potion of invisibility {unknown}
 m - a potion of flight {unknown}
 n - a potion of magic {unknown}
 r - a potion of lignification {unknown}


   Skills:
 - Level 5.8 Fighting
 - Level 2.4 Long Blades
 - Level 3.9 Armour
 - Level 3.7 Shields
 + Level 4.7 Air Magic


You had 5 spell levels left.
You didn't know any spells.
Your spell library contained the following spells:

 Spells                   Type           Power      Damage    Failure   Level
 Magic Dart               Conj           0%         1d3       86%         1
 Searing Ray              Conj           0%         2d4       95%         2
 Inner Flame              Hex/Fire       0%         N/A       99%         3
 Cause Fear               Hex            0%         N/A       100%        4
 Fulminant Prism          Conj/Hex       0%         3d6       100%        4
 Discord                  Hex            0%         N/A       100%        8


Dungeon Overview and Level Annotations

Branches:
Dungeon (4/15)
 Temple: D:4-7

Altars:
Qazlal

Shops:
D:2 *


Innate Abilities, Weirdness & Mutations

You have a pair of horns on your head.
You reflexively headbutt those who attack you in melee.


Message History

You block the orc priest's attack.
You hit the orc but do no damage. Your headbutt misses the orc.
You block the orc's attack.
The orc priest hits you but does no damage.
The orc hits you but does no damage.
You hit the orc but do no damage. You block the orc's attack.
The orc priest hits you but does no damage.
The orc hits you but does no damage.
You hit the orc but do no damage. Your headbutt misses the orc.
The orc closely misses you. You furiously retaliate!
You headbutt the orc, but do no damage.
The orc priest hits you but does no damage.
The orc hits you but does no damage. The orc priest barely misses you.
The orc hits you with a +0 flail. The orc hits you but does no damage.
You barely miss the orc. The orc hits you with a +0 flail.
The orc priest hits you but does no damage.
You block the orc's attack.
You closely miss the orc. The orc hits you with a +0 flail.
You block the orc priest's attack. The orc closely misses you.
You barely miss the orc. The orc hits you with a +0 flail!
The orc hits you with a +0 flail.
The orc priest mumbles some strange prayers to Beogh against you.
Beogh smites you!
* * * LOW HITPOINT WARNING * * *
You barely miss the orc. Your headbutt misses the orc.
You block the orc's attack.
The orc priest hits you but does no damage.
The orc hits you with a +0 flail.
* * * LOW HITPOINT WARNING * * *
The orc barely misses you. The orc hits you with a +0 flail!
* * * LOW HITPOINT WARNING * * *
The orc priest hits you but does no damage.
You hit the orc. You headbutt the orc.
You kill the orc!
Qazlal accepts your kill. You block the orc's attack.
You block the orc priest's attack. You block the orc's attack.
The orc priest invokes the aid of Beogh against you.
Pain shoots through your body!
You die...

# ###...##....
#.#...........
............ # #........#
## . #...##.# #.
######.).##.##### #.##
........†.....).# ..##
.####<.####.###o#####..##
.####..# #.# #)@o......#
...##..# #.#
#######.#...# ##.##..#
#.. ...(..# ##.##..# #.^
##o#...# ##.##..# #..#
#o##### ##.##... ...# #o#
##.# #o# ##.# #o# ##.#


You could see an orc priest and an orc.

Vanquished Creatures
  An ogre (D:4)
  A scorpion (D:4)
  An orc wizard (D:4)
  3 adders
  A worm (D:2)
  2 dart slugs (D:3)
  9 orcs
  3 bats
  3 endoplasms
  3 giant cockroaches
  5 goblins
  4 hobgoblins
  8 jackals
  5 quokkas
  5 ball pythons
  4 frilled lizards
  4 kobolds (D:1)
  2 rats
64 creatures vanquished.

Vanquished Creatures (others)
  3 plants (D:2)
3 creatures vanquished.

Grand Total: 67 creatures vanquished

Notes
Turn   | Place    | Note
-------+----------+-------------------------------------------
     0 | D:1      | GigaChad the Minotaur Fighter began the quest for the Orb.
     0 | D:1      | Reached XP level 1. HP: 19/19 MP: 0/0
   390 | D:1      | Reached skill level 4 in Fighting
   390 | D:1      | Reached XP level 2. HP: 27/27 MP: 1/1
   829 | D:2      | Reached XP level 3. HP: 35/35 MP: 2/2
   856 | D:2      | Reached skill level 5 in Fighting
  1078 | D:2      | Found Xohoidwig's Assorted Antiques.
  1768 | D:3      | Found a faded altar of an unknown god.
  1782 | D:3      | Reached XP level 4. HP: 39/42 MP: 3/3
  1788 | D:3      | Prayed at the altar of an unknown god.
  1788 | D:3      | Became a worshipper of Qazlal Stormbringer
  1788 | D:3      | Reached * piety under Qazlal
  2290 | D:4      | Noticed a scorpion
  2304 | D:4      | Killed a scorpion
  2305 | D:4      | Reached XP level 5. HP: 8/50 MP: 4/4
  2681 | D:4      | Noticed an ogre
  2691 | D:4      | Killed an ogre
  2739 | D:4      | Reached XP level 6. HP: 37/57 MP: 5/5
  2757 | D:4      | Killed from afar by an orc priest

Illustrated notes

Levels and vault maps discovered:
D:1:      onia_arrival_pentagram, layout_loops_ring
D:2:      layout_loops_ring, serial_shops, nicolae_diamond_shop, serial_bayou,
          serial_bayou_lake_a, serial_bayou_lagoon_b, serial_bayou_crossing,
          serial_bayou_pond_e, serial_bayou_pond_a
D:3:      layout_rooms, ebering_ecumenical_altar_sacrificial,
          minmay_misc_feat_ornament, serial_park_tiny_2
D:4:      layout_loops_ring, trog_three_pillars_becter, enter_ossuary_5,
          serial_shops, shop

Skill      XL: |  1  2  3  4  5 |
---------------+----------------+-----
Fighting       | 4 5 |  5.8
Air Magic      | 2 4 |  4.7
Long Blades    | |  2.4
Armour         | |  3.9
Shields        | |  3.7

Action                   |  1- 3 |  4- 6 || total
-------------------------+-------+-------++-------
Melee: Long sword        |   115 |    81 ||   196
       Headbutt          |    15 |    11 ||    26
  Use: Scroll            |     1 |       ||     1
Armor: Scale mail        |    80 |    57 ||   137
Dodge: Dodged            |    63 |    55 ||   118
Block: Buckler           |    29 |    50 ||    79
